 Dungeon Crawl Stone Soup version 0.31.0-10-gcf4a605ca0 (webtiles) character file.

Game seed: 14636410279457453355

3526 PaiMei the Scholar of Death (level 9, -2/70 (71) HPs)
             Began as a Demonspawn Necromancer on Jan 25, 2024.
             Was a Follower of Kikubaaqudgha.
             Succumbed to a killer bee's poison
             ... on level 9 of the Dungeon.
             The game lasted 00:15:46 (12047 turns).

PaiMei the Scholar of Death (DsNe)                 Turns: 12047, Time: 00:15:47

HP:   -2/70 (71)    AC:  5    Str:  8    XL:     9   Next: 82%
MP:   6/19          EV: 15    Int: 20    God:    Kikubaaqudgha [*.....]
Gold: 602           SH:  0    Dex: 16    Spells: 8/21 levels left

rFire   . . .        x - +2 falchion (heavy)
rCold   . . .        (no shield)
rNeg    . . .        a - +0 robe
rPois   .            (helmet restricted)
rElec   .            c - +2 cloak
rCorr   .            (no gloves)
SInv    .            (no boots)
Will    .....        (no amulet)
Stlth   +++          (no ring)
HPRegen 0.31/turn    (no ring)
MPRegen 0.16/turn

%: no passive effects
@: lethally poisoned (-2 -> -18), lightly drained
A: horns 2, thin skeletal structure 1
a: Renounce Religion, Unearth Wretches


You were on level 9 of the Dungeon.
You worshipped Kikubaaqudgha.
Kikubaaqudgha was aware of your devotion.
You visited 2 branches of the dungeon, and saw 10 of its levels.

You collected 602 gold pieces.

Inventory:

Hand Weapons
 u - a +0 dagger of venom
 x - a +2 heavy falchion (weapon)
 D - a +1 dagger of venom
Missiles
 d - 18 poisoned darts (quivered)
 y - 6 curare-tipped darts
Armour
 a - a +0 robe (worn)
 c - a +2 cloak (worn)
Jewellery
 h - an amulet of faith
 F - a ring of fire
Talismans
 v - a maw talisman
Wands
 s - a wand of digging (5)
Scrolls
 e - a scroll of immolation {unknown}
 j - 5 scrolls of identify {unknown}
 m - 2 scrolls of blinking {unknown}
 n - 2 scrolls of fog {unknown}
 o - a scroll of noise {unknown}
 q - a scroll of butterflies {unknown}
 r - a scroll of silence {unknown}
 t - 2 scrolls of teleportation {unknown}
 A - 2 scrolls of revelation {unknown}
 B - a scroll of enchant armour {unknown}
Potions
 b - a potion of magic
 f - 3 potions of heal wounds
 g - 2 potions of attraction {unknown}
 i - 2 potions of enlightenment {unknown}
 k - 5 potions of degeneration {unknown}
 l - a potion of brilliance {unknown}
 p - 2 potions of curing {unknown}
 w - a potion of might {unknown}
 z - a potion of lignification {unknown}
 C - a potion of cancellation {unknown}
 E - a potion of haste {unknown}


   Skills:
 + Level 6.8 Fighting
 + Level 6.6 Dodging
 - Level 2.0 Stealth
 + Level 6.7 Spellcasting
 + Level 9.0 Necromancy


You had 8 spell levels left.
You knew the following spells:

 Your Spells              Type           Power      Damage    Failure   Level
a - Necrotise             Necr           100%       1d9       1%          1
b - Vampiric Draining     Necr           42%        2d9       1%          3
c - Animate Dead          Necr           42%        N/A       2%          4
d - Curse of Agony        Necr           42%        N/A       7%          5

Your spell library contained the following spells:

 Spells                   Type           Power      Damage    Failure   Level
 Sublimation of Blood     Necr           42%        N/A       1%          2
 Fugue of the Fallen      Necr           42%        N/A       1%          3
 Dispel Undead            Necr           42%        3d17      2%          4
 Cigotuvi's Dreadful Rot  Necr/Alch/Air  36%        N/A       4%          2
 Apportation              Tloc           12%        N/A       10%         1
 Sting                    Conj/Alch      24%        1d4       10%         1
 Summon Small Mammal      Summ           24%        N/A       10%         1
 Call Imp                 Summ           12%        N/A       14%         2
 Static Discharge         Conj/Air       12%        3-4/arc   14%         2
 Martyr's Knell           Necr/Summ      24%        N/A       16%         4
 Tukima's Dance           Hex            6%         N/A       28%         3
 Death Channel            Necr           21%        N/A       36%         6
 Airstrike                Air            3%         2d(1-17)  67%         4
 Dimensional Bullseye     Hex/Tloc       3%         N/A       67%         4
 Iskenderun's Mystic Bla  Conj/Tloc      6%         2d4       67%         4
 Passage of Golubria      Tloc           6%         N/A       67%         4
 Summon Lightning Spire   Summ/Air       6%         N/A       67%         4
 Yara's Violent Unravell  Hex/Alch       3%         3d4       95%         5
 Haunt                    Necr/Summ      12%        N/A       100%        7
 Summon Hydra             Summ           3%         N/A       100%        7
 Borgnjor's Revivificati  Necr           21%        N/A       100%        8
 Death's Door             Necr           21%        N/A       100%        9


Dungeon Overview and Level Annotations

Branches:
Dungeon (9/15)             Temple (1/1) D:5            Lair (0/5) D:8
    Orc: D:9-12

Altars:
Ashenzari
Cheibriados
Dithmenos
Fedhas
Gozag
Hepliaklqana
Kikubaaqudgha
Makhleb
Nemelex Xobeh
Okawaru
Qazlal
Ru
Sif Muna
Trog
Uskayaw
Vehumet
Wu Jian
Xom
Yredelemnul

Shops:
D:4 :   D:5 [

Annotations:
D:8 2 transporters, Larett's ghost, novice MiBe


Innate Abilities, Weirdness & Mutations

You have a pair of horns on your head.
You have a somewhat thin skeletal structure. (Dex +2, Stealth+)


Message History

The killer bee poisons you!
The killer bee stings you but does no damage.
The killer bee barely misses you.
Casting: Necrotise (safe; 1% risk of failure)
Confirm with . or Enter, or press ? or * to list all spells.
Aiming: Vampiric Draining (safe; 1% risk of failure)
Press: ? - help, Shift-Dir - straight line, f - killer bee
Aim: a killer bee You draw life force from the killer bee!
You feel life coursing into your body.
* * * LOW HITPOINT WARNING * * *
You feel very sick. The killer bee stings you.
* * * LOW HITPOINT WARNING * * *
The killer bee closely misses you. The killer bee stings you.
* * * LOW HITPOINT WARNING * * *
The killer bee stings you.
* * * LOW HITPOINT WARNING * * *
Casting: Vampiric Draining (safe; 1% risk of failure)
Confirm with . or Enter, or press ? or * to list all spells.
Aiming: Vampiric Draining (safe; 1% risk of failure)
Press: ? - help, Shift-Dir - straight line, f/p - killer bee
Aim: a killer bee (heavily wounded)
You draw life force from the killer bee.
You feel life coursing into your body.
* * * LOW HITPOINT WARNING * * *
You feel very sick. The killer bee closely misses you.
The killer bee completely misses you. The killer bee barely misses you.
The killer bee completely misses you.
Casting: Vampiric Draining (safe; 1% risk of failure)
Confirm with . or Enter, or press ? or * to list all spells.
Aiming: Vampiric Draining (safe; 1% risk of failure)
Press: ? - help, Shift-Dir - straight line, f/p - killer bee
Aim: a killer bee (almost dead)
You draw life force from the killer bee!
You kill the killer bee!
Kikubaaqudgha accepts your kill.
You feel life coursing into your body.
You die...
Kikubaaqudgha rasps: "You have failed me!
Welcome... death!"

..# ..# #.# #.# .
###'##### .###
#.......# ...
#.......##.[ #..
#..)†[...'..
#.##.@y....##..
#...########
###)### #...#
...####.#########
.................
#######......###
.........#.....
########.# ....


You could see a killer bee.

Vanquished Creatures
  Prince Ribbit (D:7)
  A wyvern (D:8)
  4 yaks (D:6)
  A steam dragon (D:6)
  2 orc warriors
  3 black bears
  An ogre (D:5)
  2 centaurs
  2 kobold brigands
  A bullfrog (D:6)
  3 scorpions
  4 wights (D:8)
  2 killer bees (D:9)
  5 howler monkeys
  3 jellies (D:5)
  5 hounds
  6 iguanas
  2 sleepcaps
  6 orc wizards
  3 gnolls (D:3)
  12 adders
  A white imp (D:7)
  2 ufetubi (D:6)
  A ribbon worm (D:2)
  12 orcs
  8 ball pythons
  3 bats
  4 endoplasms
  4 giant cockroaches
  7 goblins
  13 hobgoblins
  2 jackals (D:1)
  6 quokkas
  3 frilled lizards
  19 kobolds
  6 rats
160 creatures vanquished.

Vanquished Creatures (collateral kills)
  An ogre (D:5)
  A ribbon worm (D:2)
  2 ball pythons
  A kobold (D:2)
5 creatures vanquished.

Grand Total: 165 creatures vanquished

Notes
Turn   | Place    | Note
-------+----------+-------------------------------------------
     0 | D:1      | PaiMei the Demonspawn Necromancer began the quest for the
                  | Orb.
     0 | D:1      | Reached XP level 1. HP: 13/13 MP: 3/3
   430 | D:1      | Gained mutation: You have a pair of small horns on your
                  | head. [demonic ancestry]
   430 | D:1      | Reached XP level 2. HP: 19/19 MP: 1/5
   771 | D:1      | You fall into a shaft and drop 1 floor!
   912 | D:1      | Reached XP level 3. HP: 17/25 MP: 0/6
   916 | D:1      | Learned a level 3 spell: Vampiric Draining
  1129 | D:2      | Reached skill level 1 in Fighting
  1471 | D:2      | Found a faded altar of an unknown god.
  1762 | D:2      | Reached XP level 4. HP: 31/32 MP: 4/7
  2270 | D:2      | Reached skill level 5 in Necromancy
  2790 | D:3      | Reached XP level 5. HP: 38/38 MP: 3/9
  4245 | D:4      | Noticed a black bear
  4301 | D:4      | Killed a black bear
  4302 | D:4      | Gained mutation: You have a pair of horns on your head.
                  | [demonic ancestry]
  4302 | D:4      | Reached XP level 6. HP: 46/46 MP: 3/11
  4821 | D:4      | Found Ezownoa's Self-Improvement Boutique.
  5418 | D:4      | Learned a level 4 spell: Animate Dead
  5428 | D:5      | Entered Level 5 of the Dungeon
  5593 | D:5      | Reached skill level 6 in Necromancy
  5618 | D:4      | Reached XP level 7. HP: 50/52 MP: 5/12
  5818 | D:5      | Found a staircase to the Ecumenical Temple.
  5830 | Temple   | Entered the Ecumenical Temple
  5835 | Temple   | Became a worshipper of Kikubaaqudgha
  6119 | D:5      | Found Ifisirph's Armour Shop.
  6303 | D:5      | Found an ornate altar of the Wu Jian Council.
  6303 | D:5      | Found a stormy altar of Qazlal.
  6381 | D:5      | HP: 2/53 [ogre/+0 giant club (20)]
  6782 | D:5      | Gained mutation: You have a somewhat thin skeletal
                  | structure. (Dex +2, Stealth+) [demonic ancestry]
  6782 | D:5      | Reached XP level 8. HP: 28/61 MP: 1/14
  7428 | D:6      | Reached skill level 7 in Necromancy
  7647 | D:6      | Found a broken altar of Ashenzari.
  7706 | D:6      | Reached skill level 5 in Dodging
  7706 | D:6      | Reached skill level 5 in Spellcasting
  7956 | D:6      | Reached skill level 5 in Fighting
  8191 | D:6      | Found a shimmering blue altar of Sif Muna.
  8194 | D:6      | Found a bloodstained altar of Trog.
  8195 | D:6      | Found a hazy altar of Hepliaklqana.
  8756 | D:6      | Reached XP level 9. HP: 41/68 MP: 13/17
  8762 | D:6      | Reached skill level 8 in Necromancy
  9366 | D:7      | Noticed Prince Ribbit
  9382 | D:7      | Killed Prince Ribbit
 10459 | D:8      | Reached * piety under Kikubaaqudgha
 10459 | D:8      | Received a gift from Kikubaaqudgha
 10475 | D:8      | Found a transporter.
 11395 | D:8      | Found a transporter.
 11407 | D:8      | Noticed a troll
 11412 | D:8      | Noticed Larett's ghost (novice MiBe)
 11422 | D:8      | Found a bloodstained altar of Trog.
 11589 | D:8      | Noticed a moth of wrath
 11738 | D:8      | Found a staircase to the Lair.
 11903 | D:8      | Learned a level 5 spell: Curse of Agony
 11980 | D:9      | Reached skill level 9 in Necromancy
 12045 | D:9      | HP: 3/70 [killer bee (2)]
 12046 | D:9      | HP: 1/70 [poisoned by a killer bee]
 12047 | D:9      | Succumbed to a killer bee's poison

Illustrated notes

Levels and vault maps discovered:
D:1:      eino_arrival_water_star, layout_loops_cross
D:2:      minmay_razor_zed, layout_basic, ebering_ecumenical_altar_rust,
          minmay_fractal_squares_5
D:3:      layout_loops_ring
D:4:      layout_layer_cave, nicolae_shop_self_help
D:5:      layout_rooms, jmf_multi_god_temple, minmay_temple_entry_glass,
          serial_shops, nicolae_shop_rolling_square, kennysheep_small_square
D:6:      layout_loops_ring, ashenzari_altar_1, grunt_temple_overflow_open
D:7:      layout_basic, uniq_prince_ribbit1
D:8:      layout_loops_ring, lair_entry_dummy, gammafunk_ghost_wrathful_warriors
D:9:      layout_basic, hiddenorc1_lemuel, nicolae_water_bricks
Temple:   minmay_freezing_vapour_temple

Skill      XL: |  1  2  3  4  5  6  7  8  9 |
---------------+----------------------------+-----
Stealth        | 2 |  2.0
Dodging        | 2 3 4 5 6 |  6.6
Fighting       | 1 2 3 4 5 6 |  6.8
Necromancy     | 5 6 7 9 |  9.0
Spellcasting   | 3 4 5 6 |  6.7

Action                     |  1- 3 |  4- 6 |  7- 9 || total
---------------------------+-------+-------+-------++-------
  Melee: Unarmed           |     9 |     2 |       ||    11
         Headbutt          |     2 |     2 |    21 ||    25
         Dagger            |       |       |    26 ||    26
         Falchion          |       |       |    67 ||    67
   Cast: Necrotise         |    70 |   136 |   141 ||   347
         Vampiric Draining |       |     3 |    52 ||    55
    Use: Potion            |       |       |     1 ||     1
 Armour: Robe              |    14 |    31 |   177 ||   222
  Dodge: Dodged            |    16 |    46 |   207 ||   269
